3349 views
Uploaded 2020-04-28 19:23:19
Game version 1.32.4 / 1.32.5
20:58 long 3on3 ladder game on (6)TimbermawHold
Saved by BEARAND
3349 views
Uploaded 2020-04-28 19:23:19
Game version 1.32.4 / 1.32.5
20:58 long 3on3 ladder game on (6)TimbermawHold


74 units @ 6.7k
/ 0.4k
185 buildings @ 11.1k
/ 5.5k
iggythefisk
(20:57) : 


| Scroll of Regeneration | 1 | 100 |
| Potion of Healing | 1 | 150 |
| Lesser Clarity Potion | 2 | 140 |
| Staff of Sanctuary | 3 | 750 |
| Boots of Speed | 2 | 500 |
| Staff of Teleportation | 2 | 300 |
| Circlet of Nobility | 3 | 525 |
| Periapt of Vitality | 1 | 325 |
| Orb of Corruption | 3 | 1125 |
| total: | 18 | 3915g |
| Peasant | 26 | 1950 | / | 0 |
| Priest | 1 | 135 | / | 10 |
| total: | 27 | 2085g | / | 10w |
| Scout Tower | 83 | 2490 | / | 1660 |
| Arcane Tower | 6 | 420 | / | 300 |
| Guard Tower | 35 | 2450 | / | 1750 |
| Altar of Kings | 1 | 180 | / | 50 |
| Lumber Mill | 1 | 120 | / | 0 |
| Farm | 3 | 240 | / | 60 |
| Arcane Vault | 2 | 260 | / | 60 |
| Town Hall | 4 | 1540 | / | 820 |
| Arcane Sanctum | 1 | 150 | / | 140 |
| Keep | 1 | 320 | / | 210 |
| Castle | 1 | 360 | / | 210 |
| total: | 95 | 4980g | / | 2790w |
| 0:01 | Peasant |
| 0:03 | Altar of Kings |
| 0:07 | Peasant |
| 0:17 | Lumber Mill |
| 0:28 | Peasant |
| 0:32 | Farm |
| 0:35 | Peasant |
| 0:44 | Peasant |
| 1:03 | Farm |
| 1:11 | Peasant |
| 1:22 | Peasant |
| 1:29 | Scout Tower |
| 1:38 | Peasant |
| 1:41 | Scout Tower |
| 1:44 | Peasant |
| 1:45 | Improved Masonry |
| 1:54 | Peasant |
| 1:56 | Arcane Tower |
| 1:57 | Scout Tower |
| 2:04 | Blizzard |
| 2:07 | Arcane Tower |
| 2:08 | Peasant |
| 2:21 | Arcane Vault |
| 2:32 | Guard Tower |
| 2:33 | Scout Tower |
| 2:38 | Peasant |
| 2:45 | Scout Tower |
| 2:59 | Peasant |
| 3:09 | Peasant |
| 3:25 | Brilliance Aura |
| 3:35 | Guard Tower |
| 3:36 | Scout Tower |
| 3:37 | Scout Tower |
| 3:51 | Town Hall |
| 4:01 | Scout Tower |
| 4:02 | Scout Tower |
| 4:02 | Scout Tower |
| 4:18 | Scout Tower |
| 4:18 | Scout Tower |
| 4:30 | Guard Tower |
| 4:35 | Arcane Tower |
| 4:39 | Guard Tower |
| 4:42 | Scout Tower |
| 5:03 | Guard Tower |
| 5:05 | Scout Tower |
| 5:06 | Scout Tower |
| 5:46 | Guard Tower |
| 5:46 | Scout Tower |
| 5:47 | Scout Tower |
| 5:49 | Keep |
| 6:17 | Guard Tower |
| 6:18 | Scout Tower |
| 6:19 | Scout Tower |
| 6:27 | Boots of Speed |
| 6:27 | Staff of Teleportation |
| 6:55 | Guard Tower |
| 6:56 | Scout Tower |
| 6:56 | Scout Tower |
| 6:58 | Peasant |
| 6:58 | Peasant |
| 7:01 | Guard Tower |
| 7:04 | Scout Tower |
| 7:05 | Scout Tower |
| 7:11 | Arcane Tower |
| 7:14 | Peasant |
| 7:25 | Farm |
| 7:29 | Peasant |
| 7:30 | Guard Tower |
| 7:33 | Scout Tower |
| 7:34 | Scout Tower |
| 7:37 | Guard Tower |
| 7:41 | Scout Tower |
| 7:54 | Guard Tower |
| 8:03 | Guard Tower |
| 8:07 | Scout Tower |
| 8:17 | Advanced Masonry |
| 8:37 | Castle |
| 8:39 | Guard Tower |
| 8:43 | Arcane Tower |
| 8:46 | Guard Tower |
| 9:10 | Storm Bolt |
| 9:25 | Blizzard |
| 9:39 | Guard Tower |
| 9:47 | Scroll of Regeneration |
| 9:48 | Potion of Healing |
| 9:50 | Lesser Clarity Potion |
| 10:09 | Lesser Clarity Potion |
| 10:18 | Improved Lumber Harvesting |
| 10:20 | Arcane Vault |
| 10:55 | Scout Tower |
| 10:55 | Scout Tower |
| 11:10 | Circlet of Nobility |
| 11:21 | Imbued Masonry |
| 11:21 | Advanced Lumber Harvesting |
| 11:23 | Arcane Sanctum |
| 11:53 | Guard Tower |
| 11:53 | Guard Tower |
| 12:37 | Town Hall |
| 12:41 | Scout Tower |
| 12:42 | Scout Tower |
| 12:42 | Scout Tower |
| 12:43 | Scout Tower |
| 12:44 | Scout Tower |
| 12:44 | Scout Tower |
| 12:58 | Holy Light |
| 13:11 | Scout Tower |
| 13:11 | Scout Tower |
| 13:12 | Scout Tower |
| 13:12 | Scout Tower |
| 13:13 | Scout Tower |
| 13:13 | Scout Tower |
| 13:14 | Scout Tower |
| 13:14 | Scout Tower |
| 13:15 | Arcane Tower |
| 13:18 | Magic Sentry |
| 13:18 | Priest Adept Training |
| 13:19 | Priest |
| 13:40 | Guard Tower |
| 13:42 | Scout Tower |
| 13:43 | Scout Tower |
| 13:43 | Guard Tower |
| 13:59 | Guard Tower |
| 14:09 | Guard Tower |
| 14:12 | Boots of Speed |
| 14:12 | Staff of Teleportation |
| 14:12 | Circlet of Nobility |
| 14:30 | Orb of Corruption |
| 14:32 | Orb of Corruption |
| 14:33 | Staff of Sanctuary |
| 14:35 | Staff of Sanctuary |
| 15:01 | Peasant |
| 15:01 | Peasant |
| 15:07 | Scout Tower |
| 15:08 | Scout Tower |
| 15:18 | Orb of Corruption |
| 15:26 | Town Hall |
| 15:28 | Scout Tower |
| 15:29 | Scout Tower |
| 15:30 | Scout Tower |
| 15:30 | Scout Tower |
| 15:30 | Scout Tower |
| 15:31 | Scout Tower |
| 16:07 | Guard Tower |
| 16:08 | Guard Tower |
| 16:10 | Scout Tower |
| 16:12 | Scout Tower |
| 16:26 | Guard Tower |
| 16:29 | Scout Tower |
| 16:29 | Scout Tower |
| 16:39 | Staff of Sanctuary |
| 16:43 | Guard Tower |
| 16:56 | Periapt of Vitality |
| 16:58 | Circlet of Nobility |
| 17:01 | Guard Tower |
| 17:03 | Scout Tower |
| 17:03 | Scout Tower |
| 17:04 | Peasant |
| 17:05 | Peasant |
| 17:45 | Guard Tower |
| 17:47 | Scout Tower |
| 17:48 | Scout Tower |
| 17:49 | Scout Tower |
| 18:07 | Guard Tower |
| 18:11 | Town Hall |
| 18:14 | Scout Tower |
| 18:15 | Scout Tower |
| 18:15 | Scout Tower |
| 18:16 | Scout Tower |
| 18:16 | Scout Tower |
| 18:17 | Scout Tower |
| 18:18 | Scout Tower |
| 18:18 | Scout Tower |
| 18:20 | Scout Tower |
| 18:20 | Scout Tower |
| 18:21 | Scout Tower |
| 18:22 | Scout Tower |
| 18:22 | Scout Tower |
| 18:39 | Bash |
| 19:03 | Guard Tower |
| 19:04 | Peasant |
| 19:04 | Peasant |
| 19:04 | Peasant |
| 19:05 | Peasant |
| 19:06 | Guard Tower |
| 19:24 | Guard Tower |
| 19:27 | Scout Tower |
| 19:27 | Scout Tower |
| 19:28 | Scout Tower |
| 19:29 | Scout Tower |
| 19:30 | Scout Tower |
| 19:30 | Scout Tower |
| 19:32 | Guard Tower |
| 20:26 | Divine Shield |
| 20:36 | Guard Tower |
| 20:37 | Scout Tower |
| 20:38 | Scout Tower |
| Right click | 1246 |
| Select group | 728 |
| Assign group | 410 |
| Select | 307 |
| Build/train/purchase | 126 |
| Use ability | 67 |
| Chat | 48 |
| Misc. action | 22 |
| Resource trade | 11 |
| Item give/drop | 2 |
| Minimap ping | 1 |



| Potion of Healing | 2 | 300 |
| Staff of Sanctuary | 3 | 750 |
| Staff of Teleportation | 3 | 450 |
| Boots of Speed | 4 | 1000 |
| Periapt of Vitality | 1 | 325 |
| Circlet of Nobility | 1 | 175 |
| Orb of Corruption | 2 | 750 |
| total: | 16 | 3750g |
| Peasant | 20 | 1500 | / | 0 |
| Priest | 1 | 135 | / | 10 |
| Flying Machine | 10 | 1000 | / | 300 |
| total: | 31 | 2635g | / | 310w |
| Scout Tower | 63 | 1890 | / | 1260 |
| Arcane Tower | 3 | 210 | / | 150 |
| Guard Tower | 50 | 3500 | / | 2500 |
| Altar of Kings | 1 | 180 | / | 50 |
| Farm | 6 | 480 | / | 120 |
| Lumber Mill | 1 | 120 | / | 0 |
| Town Hall | 2 | 770 | / | 410 |
| Arcane Vault | 2 | 260 | / | 60 |
| Blacksmith | 1 | 140 | / | 60 |
| Arcane Sanctum | 1 | 150 | / | 140 |
| Workshop | 1 | 140 | / | 140 |
| Keep | 1 | 320 | / | 210 |
| Castle | 1 | 360 | / | 210 |
| total: | 78 | 4130g | / | 2240w |
| 0:02 | Peasant |
| 0:02 | Peasant |
| 0:02 | Peasant |
| 0:07 | Altar of Kings |
| 0:18 | Farm |
| 0:24 | Lumber Mill |
| 0:31 | Peasant |
| 1:02 | Peasant |
| 1:20 | Scout Tower |
| 1:24 | Peasant |
| 1:25 | Peasant |
| 1:32 | Scout Tower |
| 1:41 | Farm |
| 1:44 | Peasant |
| 1:44 | Peasant |
| 1:47 | Arcane Tower |
| 1:52 | Scout Tower |
| 1:56 | Peasant |
| 1:58 | Peasant |
| 2:07 | Scout Tower |
| 2:09 | Guard Tower |
| 2:11 | Blizzard |
| 2:21 | Guard Tower |
| 2:30 | Scout Tower |
| 2:38 | Guard Tower |
| 2:43 | Peasant |
| 2:43 | Peasant |
| 2:43 | Peasant |
| 2:43 | Peasant |
| 2:47 | Scout Tower |
| 3:20 | Guard Tower |
| 3:20 | Guard Tower |
| 3:22 | Scout Tower |
| 3:23 | Scout Tower |
| 3:24 | Scout Tower |
| 3:25 | Scout Tower |
| 3:49 | Keep |
| 3:56 | Guard Tower |
| 3:56 | Guard Tower |
| 4:09 | Staff of Teleportation |
| 4:23 | Boots of Speed |
| 4:36 | Farm |
| 4:36 | Farm |
| 5:14 | Town Hall |
| 5:36 | Scout Tower |
| 5:36 | Scout Tower |
| 5:37 | Scout Tower |
| 5:37 | Scout Tower |
| 5:37 | Scout Tower |
| 5:37 | Scout Tower |
| 5:37 | Scout Tower |
| 5:38 | Scout Tower |
| 5:38 | Scout Tower |
| 5:38 | Scout Tower |
| 5:38 | Scout Tower |
| 5:39 | Scout Tower |
| 6:02 | Arcane Tower |
| 6:03 | Guard Tower |
| 6:04 | Scout Tower |
| 6:06 | Scout Tower |
| 6:07 | Guard Tower |
| 6:08 | Scout Tower |
| 6:11 | Guard Tower |
| 6:12 | Scout Tower |
| 6:26 | Guard Tower |
| 6:28 | Scout Tower |
| 6:28 | Scout Tower |
| 7:02 | Guard Tower |
| 7:03 | Guard Tower |
| 7:03 | Guard Tower |
| 7:06 | Scout Tower |
| 7:06 | Scout Tower |
| 7:07 | Scout Tower |
| 7:07 | Scout Tower |
| 7:08 | Scout Tower |
| 7:08 | Scout Tower |
| 7:09 | Scout Tower |
| 8:03 | Guard Tower |
| 8:03 | Guard Tower |
| 8:16 | Arcane Vault |
| 8:28 | Arcane Vault |
| 8:28 | Guard Tower |
| 8:28 | Guard Tower |
| 8:31 | Castle |
| 8:59 | Thunder Clap |
| 9:25 | Guard Tower |
| 9:34 | Scout Tower |
| 9:34 | Scout Tower |
| 9:35 | Scout Tower |
| 9:35 | Scout Tower |
| 9:36 | Scout Tower |
| 9:36 | Scout Tower |
| 9:38 | Potion of Healing |
| 9:38 | Potion of Healing |
| 10:16 | Scout Tower |
| 10:16 | Scout Tower |
| 10:18 | Scout Tower |
| 10:18 | Scout Tower |
| 10:25 | Guard Tower |
| 10:26 | Guard Tower |
| 10:27 | Guard Tower |
| 10:47 | Improved Masonry |
| 10:48 | Advanced Masonry |
| 11:02 | Boots of Speed |
| 11:02 | Staff of Teleportation |
| 11:06 | Boots of Speed |
| 11:25 | Arcane Sanctum |
| 11:48 | Imbued Masonry |
| 12:16 | Holy Light |
| 12:18 | Brilliance Aura |
| 12:20 | Staff of Sanctuary |
| 13:09 | Magic Sentry |
| 13:09 | Priest |
| 13:14 | Peasant |
| 13:15 | Peasant |
| 13:15 | Peasant |
| 13:15 | Peasant |
| 13:15 | Peasant |
| 13:17 | Improved Lumber Harvesting |
| 13:38 | Scout Tower |
| 13:39 | Scout Tower |
| 13:39 | Scout Tower |
| 14:11 | Arcane Tower |
| 14:12 | Guard Tower |
| 14:12 | Guard Tower |
| 14:53 | Blacksmith |
| 15:06 | Scout Tower |
| 15:07 | Scout Tower |
| 15:08 | Scout Tower |
| 15:08 | Scout Tower |
| 15:09 | Scout Tower |
| 15:09 | Scout Tower |
| 15:09 | Scout Tower |
| 15:11 | Scout Tower |
| 15:11 | Scout Tower |
| 15:13 | Scout Tower |
| 15:13 | Scout Tower |
| 15:14 | Scout Tower |
| 15:14 | Scout Tower |
| 15:14 | Scout Tower |
| 15:15 | Scout Tower |
| 15:19 | Staff of Sanctuary |
| 15:25 | Boots of Speed |
| 15:25 | Staff of Teleportation |
| 15:27 | Periapt of Vitality |
| 15:28 | Circlet of Nobility |
| 15:37 | Guard Tower |
| 16:12 | Guard Tower |
| 16:32 | Guard Tower |
| 16:35 | Staff of Sanctuary |
| 16:38 | Orb of Corruption |
| 16:40 | Orb of Corruption |
| 16:49 | Guard Tower |
| 16:51 | Town Hall |
| 16:55 | Workshop |
| 16:58 | Advanced Lumber Harvesting |
| 17:02 | Guard Tower |
| 17:02 | Guard Tower |
| 17:47 | Guard Tower |
| 18:24 | Flying Machine |
| 18:24 | Flying Machine |
| 18:24 | Flying Machine |
| 18:24 | Flying Machine |
| 18:25 | Farm |
| 18:26 | Farm |
| 18:28 | Black Gunpowder |
| 19:15 | Flying Machine |
| 19:15 | Flak Cannons |
| 19:26 | Flying Machine |
| 19:26 | Flying Machine |
| 19:29 | Refined Gunpowder |
| 19:29 | Imbued Gunpowder |
| 19:29 | Iron Plating |
| 19:56 | Flying Machine |
| 20:11 | Storm Bolt |
| 20:34 | Flying Machine |
| 20:35 | Flying Machine |
| 20:49 | Divine Shield |
| Right click | 2028 |
| Select | 459 |
| Select group | 310 |
| Build/train/purchase | 188 |
| Misc. action | 43 |
| Use ability | 37 |
| Chat | 36 |
| Assign group | 17 |
| Minimap ping | 13 |
| Resource trade | 6 |
| Item give/drop | 4 |



| Lesser Clarity Potion | 1 | 70 |
| Orb of Corruption | 4 | 1500 |
| Boots of Speed | 3 | 750 |
| Staff of Teleportation | 3 | 450 |
| Circlet of Nobility | 2 | 350 |
| Periapt of Vitality | 2 | 650 |
| Scroll of Regeneration | 1 | 100 |
| Staff of Sanctuary | 3 | 750 |
| total: | 19 | 4620g |
| Acolyte | 3 | 225 | / | 0 |
| Ghoul | 11 | 1320 | / | 0 |
| Obsidian Statue | 2 | 400 | / | 70 |
| total: | 16 | 1945g | / | 70w |
| Nerubian Tower | 1 | 100 | / | 20 |
| Spirit Tower | 2 | 290 | / | 80 |
| Crypt | 1 | 200 | / | 50 |
| Altar of Darkness | 1 | 180 | / | 50 |
| Ziggurat | 3 | 450 | / | 150 |
| Necropolis | 2 | 450 | / | 0 |
| Graveyard | 1 | 215 | / | 0 |
| Tomb of Relics | 3 | 390 | / | 90 |
| Slaughterhouse | 1 | 140 | / | 135 |
| Halls of the Dead | 1 | 320 | / | 210 |
| Black Citadel | 1 | 325 | / | 230 |
| total: | 12 | 2025g | / | 475w |
| 0:03 | Acolyte |
| 0:08 | Crypt |
| 0:11 | Altar of Darkness |
| 0:27 | Ziggurat |
| 0:32 | Acolyte |
| 0:32 | Acolyte |
| 1:10 | Ghoul |
| 1:12 | Ghoul |
| 1:31 | Necropolis |
| 1:37 | Ghoul |
| 2:03 | Ziggurat |
| 2:08 | Ghoul |
| 2:08 | Ghoul |
| 2:14 | Death Coil |
| 2:21 | Ghoul |
| 2:44 | Graveyard |
| 3:15 | Ghoul |
| 3:16 | Ghoul |
| 3:40 | Nerubian Tower |
| 3:44 | Ghoul |
| 4:19 | Ghoul |
| 4:20 | Ghoul |
| 4:36 | Unholy Aura |
| 4:56 | Halls of the Dead |
| 7:13 | Death Coil |
| 8:17 | Frost Nova |
| 8:24 | Black Citadel |
| 8:50 | Boots of Speed |
| 8:50 | Staff of Teleportation |
| 8:50 | Circlet of Nobility |
| 8:50 | Periapt of Vitality |
| 9:58 | Tomb of Relics |
| 9:59 | Tomb of Relics |
| 10:00 | Tomb of Relics |
| 10:05 | Scroll of Regeneration |
| 10:06 | Lesser Clarity Potion |
| 10:13 | Ziggurat |
| 10:15 | Slaughterhouse |
| 10:16 | Spirit Tower |
| 11:20 | Frost Armor |
| 11:22 | Spirit Tower |
| 11:24 | Obsidian Statue |
| 11:24 | Obsidian Statue |
| 11:43 | Boots of Speed |
| 11:43 | Staff of Teleportation |
| 11:50 | Impale |
| 11:55 | Orb of Corruption |
| 11:55 | Orb of Corruption |
| 12:02 | Orb of Corruption |
| 12:03 | Orb of Corruption |
| 12:04 | Staff of Sanctuary |
| 12:09 | Staff of Sanctuary |
| 12:41 | Unholy Aura |
| 13:31 | Necropolis |
| 15:08 | Ghoul Frenzy |
| 18:58 | Staff of Sanctuary |
| 19:12 | Staff of Teleportation |
| 19:12 | Boots of Speed |
| 19:16 | Circlet of Nobility |
| 19:16 | Periapt of Vitality |
| 20:43 | Frost Nova |
| 20:44 | Spiked Carapace |
| Right click | 1571 |
| Select group | 1066 |
| Select | 222 |
| Chat | 128 |
| Misc. action | 105 |
| Build/train/purchase | 64 |
| Use ability | 59 |
| Resource trade | 38 |
| Assign group | 14 |
| Item give/drop | 9 |
| Minimap ping | 4 |
108 units @ 15.2k
/ 2.2k
51 buildings @ 7.1k
/ 2.7k


| Orb of Venom | 1 | 325 |
| Potion of Healing | 1 | 150 |
| Scroll of Healing | 1 | 250 |
| Boots of Speed | 1 | 250 |
| total: | 4 | 975g |
| Wisp | 16 | 960 | / | 0 |
| Dryad | 9 | 1305 | / | 540 |
| Glaive Thrower | 1 | 210 | / | 65 |
| total: | 26 | 2475g | / | 605w |
| Altar of Elders | 1 | 180 | / | 50 |
| Moon Well | 8 | 1440 | / | 320 |
| Ancient of War | 2 | 300 | / | 120 |
| Hunter's Hall | 1 | 210 | / | 100 |
| Ancient of Wonders | 1 | 90 | / | 30 |
| Ancient of Lore | 2 | 310 | / | 290 |
| Tree of Ages | 2 | 640 | / | 360 |
| Tree of Eternity | 1 | 330 | / | 200 |
| total: | 15 | 2530g | / | 910w |
| 0:04 | Wisp |
| 0:04 | Wisp |
| 0:04 | Wisp |
| 0:05 | Wisp |
| 0:18 | Altar of Elders |
| 0:25 | Moon Well |
| 0:29 | Wisp |
| 0:35 | Wisp |
| 0:35 | Wisp |
| 0:51 | Wisp |
| 1:07 | Ancient of War |
| 1:23 | Wisp |
| 1:23 | Wisp |
| 1:23 | Wisp |
| 1:37 | Moon Well |
| 1:46 | Moon Well |
| 2:08 | Wisp |
| 2:24 | Tree of Ages |
| 2:34 | Fan of Knives |
| 4:19 | Hunter's Hall |
| 4:23 | Moon Well |
| 4:57 | Shadow Strike |
| 5:09 | Wisp |
| 5:09 | Wisp |
| 5:39 | Ancient of Lore |
| 5:43 | Ancient of Lore |
| 6:14 | Moon Well |
| 6:31 | Wisp |
| 6:32 | Wisp |
| 6:35 | Strength of the Wild |
| 7:05 | Dryad |
| 7:09 | Abolish Magic |
| 7:13 | Moon Well |
| 7:30 | Reinforced Hides |
| 7:35 | Dryad |
| 8:01 | Dryad |
| 8:02 | Improved Strength of the Wild |
| 8:39 | Dryad |
| 8:42 | Improved Reinforced Hides |
| 8:46 | Moon Well |
| 9:44 | Fan of Knives |
| 10:06 | Trueshot Aura |
| 10:31 | Dryad |
| 10:48 | Tree of Eternity |
| 11:40 | Dryad |
| 12:14 | Ancient of Wonders |
| 12:44 | Moon Well |
| 12:46 | Dryad |
| 13:16 | Advanced Strength of the Wild |
| 13:17 | Advanced Reinforced Hides |
| 13:26 | Orb of Venom |
| 13:27 | Potion of Healing |
| 15:05 | Searing Arrows |
| 15:24 | Blink |
| 15:56 | Boots of Speed |
| 15:57 | Scroll of Healing |
| 16:05 | Dryad |
| 16:43 | Dryad |
| 17:17 | Ancient of War |
| 19:12 | Glaive Thrower |
| Right click | 1642 |
| Select group | 1386 |
| Select | 358 |
| Misc. action | 267 |
| Build/train/purchase | 70 |
| Assign group | 26 |
| Chat | 25 |
| Use ability | 16 |
| Resource trade | 7 |
| Minimap ping | 4 |
| Remove unit | 3 |
| Item give/drop | 2 |
| Esc | 2 |


| Ivory Tower | 6 | 240 |
| Periapt of Vitality | 1 | 325 |
| total: | 7 | 565g |
| Peasant | 13 | 975 | / | 0 |
| Footman | 14 | 1890 | / | 0 |
| Rifleman | 3 | 615 | / | 90 |
| Priest | 4 | 540 | / | 40 |
| Knight | 6 | 1470 | / | 360 |
| Gryphon Rider | 3 | 840 | / | 210 |
| total: | 43 | 6330g | / | 700w |
| Scout Tower | 4 | 120 | / | 80 |
| Guard Tower | 3 | 210 | / | 150 |
| Farm | 10 | 800 | / | 200 |
| Altar of Kings | 1 | 180 | / | 50 |
| Barracks | 1 | 160 | / | 60 |
| Lumber Mill | 2 | 240 | / | 0 |
| Arcane Vault | 1 | 130 | / | 30 |
| Blacksmith | 1 | 140 | / | 60 |
| Town Hall | 1 | 385 | / | 205 |
| Cannon Tower | 4 | 480 | / | 400 |
| Arcane Sanctum | 1 | 150 | / | 140 |
| Workshop | 1 | 140 | / | 140 |
| Gryphon Aviary | 1 | 140 | / | 150 |
| Keep | 1 | 320 | / | 210 |
| Castle | 1 | 360 | / | 210 |
| total: | 24 | 2585g | / | 1115w |
| 0:06 | Farm |
| 0:09 | Altar of Kings |
| 0:13 | Farm |
| 0:14 | Peasant |
| 0:15 | Peasant |
| 0:55 | Barracks |
| 1:00 | Peasant |
| 1:01 | Peasant |
| 1:07 | Peasant |
| 1:21 | Lumber Mill |
| 1:26 | Peasant |
| 1:34 | Lumber Mill |
| 1:50 | Peasant |
| 1:50 | Peasant |
| 1:50 | Peasant |
| 1:50 | Peasant |
| 1:51 | Peasant |
| 2:10 | Footman |
| 2:14 | Devotion Aura |
| 2:34 | Peasant |
| 2:35 | Peasant |
| 2:40 | Footman |
| 2:56 | Farm |
| 3:09 | Farm |
| 3:31 | Farm |
| 3:52 | Farm |
| 4:16 | Improved Masonry |
| 4:21 | Farm |
| 4:26 | Keep |
| 4:37 | Arcane Vault |
| 4:47 | Footman |
| 4:48 | Footman |
| 4:58 | Footman |
| 5:07 | Farm |
| 5:59 | Footman |
| 5:59 | Footman |
| 5:59 | Footman |
| 6:18 | Blacksmith |
| 6:29 | Farm |
| 6:38 | Farm |
| 7:47 | Rifleman |
| 7:47 | Rifleman |
| 7:48 | Rifleman |
| 7:51 | Iron Plating |
| 7:52 | Studded Leather Armor |
| 7:53 | Iron Forged Swords |
| 8:30 | Arcane Sanctum |
| 8:34 | Workshop |
| 8:36 | Improved Lumber Harvesting |
| 8:53 | Ivory Tower |
| 9:16 | Ivory Tower |
| 9:24 | Ivory Tower |
| 9:44 | Gryphon Aviary |
| 9:47 | Advanced Masonry |
| 10:05 | Guard Tower |
| 10:09 | Magic Sentry |
| 10:29 | Divine Shield |
| 10:53 | Periapt of Vitality |
| 11:43 | Long Rifles |
| 11:46 | Steel Plating |
| 11:46 | Reinforced Leather Armor |
| 11:48 | Black Gunpowder |
| 11:48 | Steel Forged Swords |
| 12:09 | Devotion Aura |
| 12:51 | Bash |
| 12:56 | Castle |
| 13:32 | Footman |
| 13:32 | Footman |
| 13:33 | Footman |
| 13:33 | Footman |
| 13:33 | Footman |
| 13:33 | Footman |
| 13:56 | Priest |
| 13:58 | Priest |
| 14:13 | Scout Tower |
| 14:23 | Ivory Tower |
| 14:23 | Ivory Tower |
| 14:23 | Ivory Tower |
| 14:45 | Scout Tower |
| 14:54 | Town Hall |
| 15:14 | Cannon Tower |
| 15:16 | Cannon Tower |
| 15:20 | Cannon Tower |
| 15:27 | Guard Tower |
| 15:34 | Scout Tower |
| 15:54 | Knight |
| 16:21 | Mithril Plating |
| 19:12 | Priest Adept Training |
| 19:26 | Guard Tower |
| 19:30 | Scout Tower |
| 19:48 | Knight |
| 19:49 | Knight |
| 19:49 | Knight |
| 19:49 | Knight |
| 19:51 | Knight |
| 19:56 | Gryphon Rider |
| 19:56 | Gryphon Rider |
| 20:02 | Gryphon Rider |
| 20:34 | Cannon Tower |
| 20:50 | Priest Master Training |
| 20:52 | Priest |
| 20:52 | Priest |
| Right click | 249 |
| Select | 234 |
| Build/train/purchase | 85 |
| Use ability | 10 |
| Item give/drop | 3 |


| Lesser Clarity Potion | 4 | 280 |
| total: | 4 | 280g |
| Peon | 9 | 675 | / | 0 |
| Troll Headhunter | 16 | 2240 | / | 320 |
| Wind Rider | 9 | 2385 | / | 360 |
| Demolisher | 5 | 1100 | / | 250 |
| total: | 39 | 6400g | / | 930w |
| Orc Burrow | 6 | 960 | / | 240 |
| Altar of Storms | 1 | 180 | / | 50 |
| War Mill | 1 | 205 | / | 0 |
| Barracks | 1 | 180 | / | 50 |
| Voodoo Lounge | 1 | 130 | / | 30 |
| Beastiary | 2 | 290 | / | 280 |
| Stronghold | 3 | 945 | / | 570 |
| Fortress | 3 | 975 | / | 570 |
| total: | 12 | 1945g | / | 650w |
| 0:03 | Peon |
| 0:03 | Peon |
| 0:03 | Peon |
| 0:20 | Orc Burrow |
| 0:34 | Altar of Storms |
| 0:41 | Peon |
| 0:49 | War Mill |
| 0:54 | Peon |
| 1:05 | Barracks |
| 1:13 | Peon |
| 1:13 | Peon |
| 1:13 | Peon |
| 1:49 | Orc Burrow |
| 2:06 | Troll Headhunter |
| 2:06 | Troll Headhunter |
| 2:06 | Troll Headhunter |
| 2:07 | Troll Headhunter |
| 2:30 | Troll Headhunter |
| 2:38 | War Stomp |
| 2:43 | Peon |
| 2:48 | Voodoo Lounge |
| 2:51 | Troll Headhunter |
| 3:15 | Troll Headhunter |
| 3:49 | Troll Headhunter |
| 3:53 | Orc Burrow |
| 4:25 | Stronghold |
| 4:28 | Orc Burrow |
| 5:03 | Endurance Aura |
| 5:04 | Troll Headhunter |
| 5:04 | Troll Headhunter |
| 5:05 | Troll Headhunter |
| 5:41 | Troll Headhunter |
| 6:22 | Lesser Clarity Potion |
| 6:27 | Troll Headhunter |
| 6:32 | Orc Burrow |
| 6:56 | Troll Headhunter |
| 7:31 | Troll Headhunter |
| 7:47 | Troll Headhunter |
| 7:50 | Beastiary |
| 7:52 | Beastiary |
| 8:23 | Healing Wave |
| 8:40 | Orc Burrow |
| 9:24 | War Stomp |
| 9:44 | Wind Rider |
| 9:45 | Wind Rider |
| 10:40 | Wind Rider |
| 11:06 | Wind Rider |
| 11:27 | Wind Rider |
| 11:44 | Hex |
| 11:52 | Fortress |
| 12:10 | Wind Rider |
| 12:55 | Endurance Aura |
| 13:03 | Steel Ranged Weapons |
| 13:07 | Wind Rider |
| 13:28 | Lesser Clarity Potion |
| 13:29 | Lesser Clarity Potion |
| 14:11 | Thorium Ranged Weapons |
| 14:19 | Hex |
| 14:39 | Envenomed Spears |
| 14:58 | Steel Armor |
| 16:04 | Wind Rider |
| 16:25 | Endurance Aura |
| 17:02 | Lesser Clarity Potion |
| 17:09 | Burning Oil |
| 17:09 | Demolisher |
| 17:09 | Demolisher |
| 17:10 | Demolisher |
| 17:10 | Demolisher |
| 17:10 | Demolisher |
| 17:52 | Wind Rider |
| Right click | 703 |
| Select group | 636 |
| Select | 208 |
| Chat | 146 |
| Misc. action | 109 |
| Assign group | 101 |
| Build/train/purchase | 85 |
| Minimap ping | 30 |
| Use ability | 16 |
| Item give/drop | 2 |
| Esc | 1 |
⇛